 Dungeon Crawl Stone Soup version 0.29-a0-207-gf982a884d8 (webtiles) character file.

Game seed: 4011783714604982444

389 sparljo the Chopper (level 6, 0/55 HPs)
             Began as a Draconian Berserker on Feb 23, 2022.
             Was a Believer of Trog.
             Slain by a scorpion (8 damage)
             ... on level 4 of the Dungeon.
             The game lasted 00:09:19 (2896 turns).

sparljo the Chopper (Draconian Berserker)           Turns: 2896, Time: 00:09:20

Health: 0/55       AC:  6    Str: 21    XL:     6   Next: 49%
Magic:  6/6        EV: 12    Int:  8    God:    Trog [**....]
Gold:   181        SH:  7    Dex: 16    Spells: 5/5 levels left

rFire   . . .      SeeInvis .   a - +0 hand axe (vamp)
rCold   . . .      Faith    .   l - +0 kite shield
rNeg    . . .      Spirit   .   (body armour unavailable)
rPois   .          Reflect  .   (helmet restricted)
rElec   .          Harm     .   (no cloak)
rCorr   .          Rampage  .   (no gloves)
Will    .....                   (no boots)
Stlth   ++........              (no amulet)
HPRegen 0.18/turn               f - +6 ring of dexterity
MPRegen 0.10/turn               (no ring)

@: lethally poisoned (0 -> -25)
A: AC +6, unfitting armour, cold-blooded
a: Renounce Religion, Berserk, Trog's Hand


You were on level 4 of the Dungeon.
You worshipped Trog.
Trog was pleased with you.
You visited 1 branch of the dungeon, and saw 4 of its levels.

You collected 181 gold pieces.

Inventory:

Hand Weapons
 a - a +0 vampiric hand axe (weapon)
 g - a +3 hunting sling
Armour
 h - a +0 leather armour
 l - a +0 kite shield (worn)
Jewellery
 f - a +6 ring of dexterity (left hand)
Scrolls
 c - 2 scrolls of fear
 d - 2 scrolls of identify {unknown}
 i - a scroll of enchant armour {unknown}
 k - a scroll of noise {unknown}
Potions
 b - 2 potions of curing
 e - 2 potions of lignification
 j - a potion of heal wounds {unknown}


   Skills:
 + Level 4.8 Fighting
 + Level 5.3 Axes
 + Level 4.1 Dodging
 + Level 1.5 Stealth


You had 5 spell levels left.
You didn't know any spells.
Your spell library contained the following spells:

 Spells                   Type           Power      Damage    Failure   Level
 Ensorcelled Hibernation  Hex/Ice        0%         N/A       94%         2
 Passwall                 Tmut/Erth      0%         N/A       94%         2
 Swiftness                Air            0%         N/A       99%         3


Dungeon Overview and Level Annotations

Branches:
Dungeon (4/15)
 Temple: D:4-7

Altars:
Ru
Yredelemnul

Shops:
D:2 =


Innate Abilities, Weirdness & Mutations

Your plain brown scales are hard. (AC +6)
You cannot fit into any form of body armour.
You are cold-blooded and may be slowed by cold attacks.


Message History

You barely miss the scorpion.
The scorpion is severely wounded.
The scorpion stings you but does no damage.
The scorpion stings you.
You are poisoned.
The scorpion poisons you!
You hit the scorpion.
The scorpion is almost dead.
You feel very sick. You block the scorpion's attack.
You hit the scorpion but do no damage.
The scorpion is almost dead.
You feel sick. The scorpion stings you.
You are more poisoned.
The scorpion poisons you! The scorpion misses you.
You hit the scorpion but do no damage.
The scorpion is almost dead.
You feel very sick. The scorpion misses you.
You barely miss the scorpion.
The scorpion is almost dead.
You feel very sick. The scorpion stings you!
You are more poisoned.
The scorpion poisons you! You block the scorpion's attack.
You hit the scorpion.
You feel better.
You tail-slap the scorpion, but do no damage.
The scorpion is almost dead.
* * * LOW HITPOINT WARNING * * *
You feel very sick.
The scorpion stings you but does no damage.
You hit the scorpion but do no damage.
The scorpion is almost dead.
* * * LOW HITPOINT WARNING * * *
You feel very sick. The scorpion stings you.
* * * LOW HITPOINT WARNING * * *
You are more poisoned.
The scorpion poisons you! The scorpion stings you!
You die...

........^..............
#.........#.####.......
#.........#.# #.......
##+###....#.# #.......
#....#.# #.......
#....#.# ########
#S...#.# #s####.# #@#
#.# #.# #.# #.# ... #..
#..


You could see a scorpion and an adder.

Vanquished Creatures
  Sigmund (D:2)
  A necrophage (D:2)
  A scorpion (D:4)
  Jessica (D:2)
  2 adders
  2 worms
  A dart slug (D:2)
  6 bats
  3 endoplasms
  8 goblins
  3 hobgoblins
  A quokka (D:2)
  6 ball pythons
  2 frilled lizards
  5 kobolds
  6 rats
49 creatures vanquished.

Notes
Turn   | Place    | Note
-------+----------+-------------------------------------------
     0 | D:1      | sparljo the Draconian Berserker began the quest for the
                  | Orb.
     0 | D:1      | Reached XP level 1. HP: 19/19 MP: 1/1
   210 | D:1      | Reached XP level 2. HP: 25/26 MP: 2/2
   301 | D:1      | Found a faded altar of an unknown god.
   792 | D:2      | Found Benlis's Jewellery Shop.
   969 | D:2      | Reached ** piety under Trog
  1041 | D:2      | Reached XP level 3. HP: 22/33 MP: 3/3
  1198 | D:2      | Noticed a necrophage
  1211 | D:2      | Killed a necrophage
  1212 | D:2      | Reached skill level 4 in Axes
  1212 | D:2      | Reached skill level 1 in Stealth
  1212 | D:2      | Reached XP level 4. HP: 25/40 MP: 4/4
  1485 | D:2      | Noticed Sigmund
  1496 | D:2      | Killed Sigmund
  1497 | D:2      | Reached XP level 5. HP: 45/47 MP: 5/5
  1497 | D:2      | Reached XP level 6. HP: 50/53 MP: 6/6
  1971 | D:2      | Noticed Jessica
  1977 | D:2      | Killed Jessica
  1978 | D:2      | Reached skill level 5 in Axes
  2209 | D:3      | Found a sacrificial altar of Ru.
  2530 | D:3      | Found a basalt altar of Yredelemnul.
  2896 | D:4      | Slain by a scorpion

Illustrated notes

Levels and vault maps discovered:
D:1:      giann_wishing_wells, layout_rooms, ebering_ecumenical_altar_webs,
          hex_intersection
D:2:      layout_basic, serial_shops, shop, uniq_sigmund, uniq_jessica
D:3:      layout_basic, lemuel_coloured_pillars_altar, overflow_temple_1_default
D:4:      layout_basic, minmay_temple_entry_offerings, dk_vineyard_2

Skill      XL: |  1  2  3  4  5  6 |
---------------+-------------------+-----
Dodging        | 3 4 |  4.1
Fighting       | 4 |  4.8
Axes           | 4 5 |  5.3
Stealth        | 1 |  1.5

Action                   |  1- 3 |  4- 6 || total
-------------------------+-------+-------++-------
Melee: Hand axe          |    80 |    82 ||   162
       Tailslap          |    11 |    15 ||    26
  Use: Scroll            |     4 |     1 ||     5
       Potion            |     1 |     1 ||     2
 Stab: Sleeping          |       |     1 ||     1
Armor: Skin              |    24 |    15 ||    39
Dodge: Dodged            |    47 |    40 ||    87
Block: Kite shield       |       |     8 ||     8

Table legend: (Time is in decaauts)
 A = Elapsed time spent in this place.
 B = Non-inter-level travel time spent in this place.
 C = Inter-level travel time spent in this place.
 D = Time resting spent in this place.
 E = Time spent auto-exploring this place.
 F = Levels seen in this place.
 G = Mean time per level.
                   A        B        C        D        E       F      G
               +--------+--------+--------+--------+--------+-----+--------+
         Total |   2912 |   2908 |      4 |    434 |   1573 |   4 |  728.0 |
       Dungeon |   2912 |   2908 |      4 |    434 |   1573 |   4 |  728.0 |
               +--------+--------+--------+--------+--------+-----+--------+

Top non-repeatable levels by time:
     D:2: 1336 daAuts
     D:1: 759 daAuts
     D:3: 718 daAuts
     D:4: 97 daAuts
